 Dungeon Crawl Stone Soup version 0.19.5 (webtiles) character file.

61 Inarius the Covered (level 3, -2/33 HPs)
             Began as a Minotaur Fighter on Apr 8, 2017.
             Was an Initiate of Trog.
             Succumbed to a gnoll's poison
             ... on level 2 of the Dungeon.
             The game lasted 00:07:43 (1306 turns).

Inarius the Covered (Minotaur Fighter)              Turns: 1306, Time: 00:07:44

Health: -2/33      AC:  7    Str: 25    XL:     3   Next: 83%
Magic:  2/2        EV: 10    Int: 10    God:    Trog [......]
Gold:   68         SH:  6    Dex: 10    Spells: 0 memorised, 2 levels left

rFire  . . .     SeeInvis .     a - +0 war axe
rCold  . . .     Gourm    .     b - +0 scale mail
rNeg   . . .     Faith    .     u - +2 buckler {reflect}
rPois  .         Spirit   .     (helmet restricted)
rElec  .         Reflect  +     (no cloak)
rCorr  .         Harm     .     (no gloves)
MR     .....                    (no boots)
Stlth  ..........               (no amulet)
                                (no ring)
                                (no ring)

@: mighty, brilliant, lethally poisoned (-2 -> -31), flying
A: retaliatory headbutt, horns 2
a: Burn Spellbooks, Renounce Religion


You were on level 2 of the Dungeon.
You worshipped Trog.
Trog was noncommittal.
You were not hungry.

You visited 1 branch of the dungeon, and saw 2 of its levels.

You collected 68 gold pieces.

Inventory:

Hand Weapons
 a - a +0 war axe (weapon)
Missiles
 l - 24 stones (quivered)
Armour
 b - a +0 scale mail (worn)
 c - a +0 shield
 u - a +2 buckler of reflection (worn)
Scrolls
 e - 2 scrolls of recharging {unknown}
 j - a scroll of fog {unknown}
 n - 2 scrolls of amnesia {unknown}
 o - a scroll of teleportation {unknown}
 p - 2 scrolls of identify {unknown}
 q - a scroll of enchant armour {unknown}
 s - 3 scrolls of immolation {unknown}
Comestibles
 f - a bread ration
 g - 2 meat rations
 r - a slice of pizza
 t - 2 chunks of flesh


   Skills:
 + Level 4.1 Fighting
 + Level 3.4 Axes
 + Level 1.0 Throwing
 + Level 4.2 Armour
 + Level 0.2 Dodging
 + Level 4.1 Shields


You had 2 spell levels left.
You didn't know any spells.

Dungeon Overview and Level Annotations

Branches:
Dungeon (2/15)

Altars:
Nemelex Xobeh
Trog


Innate Abilities, Weirdness & Mutations

You reflexively headbutt those who attack you in melee.
You have a pair of horns on your head.


Message History

The hobgoblin closely misses you. The gnoll hits you but does no damage.
Things that are here:
a gnoll corpse x2
You slice the gnoll!!
You kill the gnoll!
Trog accepts your kill.
Your Throwing skill increases to level 1!
You slash the hobgoblin!
You kill the hobgoblin!
Trog accepts your kill.
* * * LOW HITPOINT WARNING * * *
You feel very sick.
It was a potion of brilliance.
You feel clever all of a sudden.
* * * LOW HITPOINT WARNING * * *
You feel sick.
It was a potion of flight.
You feel very buoyant.
You fly up into the air.
You die...

.....###.###### ###
###.## .# #.. >.# # #.#
.# #.# #.# # #. ##+## #.#
#.# .. ##...###.# ... ..
### ##.....##.# #.## ...(
# ##.......#.# #..#...(.
####..........###...##.#
...'............@)....(..
####.........####...#.###
# ##.......## ##.## #
##.....## ## ##...##
##+##


There were no monsters in sight!

Vanquished Creatures
  3 gnolls (D:2)
  A leopard gecko (D:1)
  4 goblins
  10 hobgoblins
  2 jackals (D:1)
  A ball python (D:1)
  5 bats
  A frilled lizard (D:1)
  2 kobolds
  A rat (D:1)
30 creatures vanquished.

Notes
Turn   | Place    | Note
-------+----------+-------------------------------------------
     0 | D:1      | Inarius the Minotaur Fighter began the quest for the Orb.
     0 | D:1      | Reached XP level 1. HP: 19/19 MP: 0/0
   382 | D:1      | Reached XP level 2. HP: 27/27 MP: 1/1
   911 | D:2      | Found a bloodstained altar of Trog.
   918 | D:2      | Became a worshipper of Trog the Wrathful
  1118 | D:2      | Reached XP level 3. HP: 33/33 MP: 2/2
  1171 | D:2      | Found a sparkling altar of Nemelex Xobeh.
  1304 | D:2      | Reached skill level 1 in Throwing
  1305 | D:2      | HP: 1/33 [poisoned by a gnoll]
  1306 | D:2      | Succumbed to a gnoll's poison

Skill      XL: |  1  2  3 |
---------------+----------+-----
Armour         | 4 |  4.2
Axes           | 3 |  3.4
Fighting       | 4 |  4.1
Shields        | 4 |  4.1
Throwing       | 1 |  1.0
Dodging        | |  0.2

Action                   || total
-------------------------++-------
Melee: War axe           ||    64
       Headbutt          ||    12
Throw: Stone             ||    35
  Use: Potion            ||     3
  Eat: Chunk             ||     1
Armor: Scale mail        ||    21
Dodge: Dodged            ||    22
Block: Shield            ||    33
       Buckler           ||     3
